 Dungeon Crawl Stone Soup version bcrawl-1.14 (webtiles) character file.

Game seed: 16185909338801738386

124 lis82 the Magician (level 4, 0/30 HPs)
             Began as a Mummy Conjurer on Sept 7, 2019.
             Slain by an orc
             ... wielding a +0 club
              (3 damage)
             ... on level 2 of the Dungeon.
             The game lasted 00:07:21 (2914 turns).

lis82 the Magician (Mummy Conjurer)                 Turns: 2914, Time: 00:07:22

Health: 0/30       AC:  2    Str: 11    XL:     4   Next: 81%
Magic:  0/11       EV: 12    Int: 15    God:
Gold:   142        SH:  0    Dex: 12    Spells: 3/13 levels left

rFire    x . .     SeeInvis .   f - +0 spear
rCold    + . .     Gourm    .   (no shield)
rNeg     + + +     Faith    .   a - +0 robe
rPois    ∞         Spirit   .   (no helmet)
rElec    .         Reflect  .   (no cloak)
rCorr    .         Harm     .   (no gloves)
MR       .....     Clarity  +   (no boots)
Stlth    ++........             (no amulet)
HPRegen  0.10/turn              (no ring)
MPRegen  0.12/turn              (no ring)

@: no status effects
A: no food or potions, fire vulnerability, clarity, cold resistance 1, negative
energy resistance 3, torment resistance, unbreathing
a: no special abilities


You were on level 2 of the Dungeon.
You were not hungry.

You visited 1 branch of the dungeon, and saw 3 of its levels.

You collected 142 gold pieces.

Inventory:

Hand Weapons
 f - a +0 spear (weapon)
Armour
 a - a +0 robe (worn)
Jewellery
 g - an uncursed ring of protection from fire {unknown}
 k - a +4 ring of intelligence {unknown}
Scrolls
 b - a scroll of noise {unknown}
 c - a scroll of amnesia {unknown}
 d - a scroll of identify {unknown}
 e - a scroll of fear {unknown}
 h - a scroll of fog {unknown}
 i - 2 scrolls of enchant armour {unknown}
 j - a scroll of remove curse {unknown}


   Skills:
 - Level 1.5 Dodging
 - Level 1.7 Stealth
 + Level 5.3 Spellcasting
 - Level 4.0 Conjurations


You had 3 spell levels left.
You knew the following spells:

 Your Spells              Type           Power        Failure   Level  Hunger
a - Magic Dart            Conj           ###.         3%          1    N/A
b - Searing Ray           Conj           ###...       4%          2    N/A
c - Iskenderun's Mystic   Conj           ###.....     9%          3    N/A
d - Fulminant Prism       Conj/Hex       ##........   56%         4    N/A

Your spell library contained the following spells:

 Spells                   Type           Power        Failure   Level  Hunger
 Irradiate                Conj/Tmut      ##........   88%         5    N/A

Dungeon Overview and Level Annotations

Branches:
Dungeon (3/12)

Altars:
Dithmenos
Trog

Annotations:
D:3 Ijyb, Terence


Innate Abilities, Weirdness & Mutations

You do not eat or drink.
Your flesh is vulnerable to fire.
You are immune to poison.
You possess an exceptional clarity of mind.
Your flesh is cold resistant. (rC+)
You are immune to negative energy. (rN+++)
You are immune to unholy pain and torment.
You can survive without breathing.


Message History

Confirm with . or Enter, or press ? or * to list all spells.
Aiming: Iskenderun's Mystic Blast (safe; 10% risk of failure)
Press: ? - help, Shift-Dir - straight line, f/p - orc priest
Aim: an orc priest, wielding a +0 dagger (heavily wounded)
The orb of energy hits the orc priest.
The orc priest is severely wounded.
The orc hits you.
The orc priest calls down the wrath of Beogh upon you.
Beogh smites you!
* * * LOW HITPOINT WARNING * * *
Casting: Iskenderun's Mystic Blast (safe; 10% risk of failure)
Confirm with . or Enter, or press ? or * to list all spells.
Aiming: Iskenderun's Mystic Blast (safe; 10% risk of failure)
Press: ? - help, Shift-Dir - straight line, f/p - orc priest
Aim: an orc priest, wielding a +0 dagger (severely wounded)
The orb of energy hits the orc priest.
You kill the orc priest!
Your Spellcasting skill increases to level 5!
The orb of energy explodes!
The orc hits you with a +0 club.
You die...

##### ####### #...# #.....#
###...###
#.....##############.......######
#................o.#.............
....†..........o@)...............
#†....############.#.....########
#.#.### #...#...# #### #.#.#
#.###..######... #.#.#
#.......)....... #.#.#
##..#...######.## ....#
#...#<..######.# ....#
#.#####.)......# ....####
#...#...#####..#


You could see 2 orcs.

Vanquished Creatures
  An orc priest (D:2)
  An orc wizard (D:2)
  An adder (D:2)
  An ooze (D:2)
  A worm (D:2)
  A dart slug (D:2)
  3 leopard geckos
  3 orcs (D:3)
  3 bats
  A giant cockroach (D:2)
  7 hobgoblins
  6 jackals (D:2)
  A quokka (D:2)
  3 frilled lizards
  2 goblins (D:2)
  4 kobolds
  3 rats
42 creatures vanquished.

Notes
Turn   | Place    | Note
-------+----------+-------------------------------------------
     0 | D:1      | lis82 the Mummy Conjurer began the quest for the Orb.
     0 | D:1      | Reached XP level 1. HP: 13/13 MP: 4/4
   480 | D:1      | Reached XP level 2. HP: 19/19 MP: 1/5
  1198 | D:2      | Reached skill level 3 in Spellcasting
  1314 | D:2      | Reached XP level 3. HP: 24/24 MP: 3/7
  1319 | D:2      | Learned a level 2 spell: Searing Ray
  1323 | D:2      | Learned a level 3 spell: Iskenderun's Mystic Blast
  1506 | D:2      | Found a shadowy altar of Dithmenos.
  1785 | D:2      | Reached skill level 4 in Spellcasting
  1966 | D:2      | Found a bloodstained altar of Trog.
  2083 | D:3      | Noticed Terence
  2153 | D:2      | HP: 1/24 [orc wizard/+0 dagger (2)]
  2154 | D:2      | Reached XP level 4. HP: 2/30 MP: 3/10
  2653 | D:3      | Learned a level 4 spell: Fulminant Prism
  2789 | D:3      | Noticed Ijyb
  2914 | D:2      | Reached skill level 5 in Spellcasting
  2914 | D:2      | Slain by an orc

Skill      XL: |  1  2  3  4 |
---------------+-------------+-----
Conjurations   | 4 |  4.0
Spellcasting   | 3 4 5 |  5.3
Dodging        | |  1.5
Stealth        | |  1.7

Action                   |  1- 3 |  4- 6 || total
-------------------------+-------+-------++-------
Melee: Spear             |    34 |     4 ||    38
       Club              |     2 |       ||     2
 Cast: Magic Dart        |    89 |    17 ||   106
       Iskenderun's Myst |       |     7 ||     7
       Searing Ray       |       |     1 ||     1
 Stab: Sleeping          |     1 |       ||     1
Armor: Robe              |     3 |     3 ||     6
Dodge: Dodged            |    22 |     9 ||    31
